 Dungeon Crawl Stone Soup version 0.26-a0-663-g36e8fdb655 (webtiles) character file.

Game seed: 10715186129812658736

66 vortex the Firebug (level 3, -5/20 HPs)
             Began as a Deep Elf Fire Elementalist on Oct 12, 2020.
             Slain by Sigmund
             ... wielding a +0 scythe
              (10 damage)
             ... on level 2 of the Dungeon.
             The game lasted 00:06:44 (1576 turns).

vortex the Firebug (Deep Elf Fire Elementalist)     Turns: 1576, Time: 00:06:44

Health: -5/20      AC:  2    Str:  5    XL:     3   Next: 96%
Magic:  10/10      EV: 13    Int: 20    God:
Gold:   58         SH:  0    Dex: 15    Spells: 5/9 levels left

rFire    + . .     SeeInvis .   k - +0 short sword (venom)
rCold    + + .     Faith    .   (no shield)
rNeg     . . .     Spirit   .   a - +0 robe
rPois    +         Reflect  .   (no helmet)
rElec    +         Harm     .   (no cloak)
rCorr    +         Rampage  .   (no gloves)
MR       .....                  (no boots)
Stlth    ++........             (no amulet)
HPRegen  0.06/turn              i - ring of protection from cold
MPRegen  0.12/turn              (no ring)

@: resistant
A: no striking features
a: no special abilities


You were on level 2 of the Dungeon.
You visited 1 branch of the dungeon, and saw 2 of its levels.

You collected 58 gold pieces.

Inventory:

Hand Weapons
 k - a +0 short sword of venom (weapon)
Missiles
 g - 66 stones (quivered)
Armour
 a - a +0 robe (worn)
 c - a +2 kite shield
Jewellery
 i - a ring of protection from cold (left hand)
Scrolls
 b - a scroll of teleportation {unknown}
 e - a scroll of random uselessness {unknown}
 h - 2 scrolls of identify {unknown}
Potions
 d - a potion of brilliance {unknown}
 f - a potion of mutation {unknown}


   Skills:
 + Level 1.0 Fighting
 + Level 3.1 Dodging
 + Level 3.0 Stealth
 + Level 3.5 Spellcasting
 + Level 2.1 Conjurations
 + Level 3.7 Fire Magic


You had 5 spell levels left.
You knew the following spells:

 Your Spells              Type           Power        Failure   Level
a - Foxfire               Conj/Fire      ###.         4%          1
b - Conjure Flame         Conj/Fire      ###.....     12%         3

Your spell library contained the following spells:

 Spells                   Type           Power        Failure   Level
 Inner Flame              Hex/Fire       ##......     19%         3
 Sticky Flame             Conj/Fire      ###.....     38%         4
 Fireball                 Conj/Fire      ###.......   75%         5


Dungeon Overview and Level Annotations

Branches:
Dungeon (2/15)

Altars:

Annotations:
D:2 Sigmund


Message History

You feel protected.
Sigmund shouts!
Sigmund gestures at you while chanting.
You are confused.
You bump into the rock wall.
Sigmund says, "You will soon forget everything."
Sigmund gestures wildly while chanting.
Sigmund flickers and vanishes!
Deactivating autopickup; reactivate with Ctrl-A.
A magic dart appears from out of thin air!
The magic dart hits you.
You're too confused to move!
You bump into the rock wall.
Something hits you!
Ouch! That really hurt!
* * * LOW HITPOINT WARNING * * *
You bump into the rock wall.
You feel less confused. Something hits you!
Ouch! That really hurt!
You die...

#.#...........#.#
#.#.#####)#.###.#
#.#.#.....#.###.#
#.#.#.###.#...#.#
#.#.#.....###.#.#
#.#.#########.#.#
#.#...........#.#
#.#############.#
#........@......#
#################


There were no monsters in sight!

Vanquished Creatures
  Terence (D:2)
  An ooze (D:1)
  A dart slug (D:1)
  2 leopard geckos (D:1)
  5 bats
  A giant cockroach (D:1)
  5 goblins
  3 hobgoblins
  4 jackals (D:1)
  A frilled lizard (D:1)
  6 kobolds (D:1)
30 creatures vanquished.

Vanquished Creatures (others)
  88 foxfires
  3 plants (D:1)
91 creatures vanquished.

Grand Total: 121 creatures vanquished

Notes
Turn   | Place    | Note
-------+----------+-------------------------------------------
     0 | D:1      | vortex the Deep Elf Fire Elementalist began the quest for
                  | the Orb.
     0 | D:1      | Reached XP level 1. HP: 10/10 MP: 6/6
   225 | D:1      | Reached XP level 2. HP: 16/16 MP: 2/8
   784 | D:1      | Reached XP level 3. HP: 18/20 MP: 7/9
  1201 | D:2      | Learned a level 3 spell: Conjure Flame
  1344 | D:2      | Noticed Terence
  1358 | D:2      | Killed Terence
  1358 | D:2      | Reached skill level 1 in Fighting
  1563 | D:2      | Noticed Sigmund
  1576 | D:2      | Slain by Sigmund

Illustrated notes

Levels and vault maps discovered:
D:1:      eino_arrival_water_cross, layout_basic, minmay_ruptured
D:2:      layout_basic, lemuel_crystal_altar, uniq_terence, uniq_sigmund

Skill      XL: |  1  2  3 |
---------------+----------+-----
Fighting       | 1 |  1.0
Dodging        | 3 |  3.1
Stealth        | 3 |  3.0
Conjurations   | 2 |  2.1
Spellcasting   | |  3.5
Fire Magic     | |  3.7

Action                   || total
-------------------------++-------
Melee: Unarmed           ||     2
       Dagger            ||     7
       Short sword       ||     8
 Cast: Foxfire           ||    56
  Use: Potion            ||     1
 Stab: Sleeping          ||     2
Armor: Robe              ||     9
Dodge: Dodged            ||    20

Table legend: (Time is in decaauts)
 A = Elapsed time spent in this place.
 B = Non-inter-level travel time spent in this place.
 C = Inter-level travel time spent in this place.
 D = Time resting spent in this place.
 E = Time spent auto-exploring this place.
 F = Levels seen in this place.
 G = Mean time per level.
                   A        B        C        D        E       F      G
               +--------+--------+--------+--------+--------+-----+--------+
         Total |   1574 |   1540 |     34 |      0 |   1302 |   2 |  787.0 |
       Dungeon |   1574 |   1540 |     34 |      0 |   1302 |   2 |  787.0 |
               +--------+--------+--------+--------+--------+-----+--------+

Top non-repeatable levels by time:
     D:1: 1194 daAuts
     D:2: 379 daAuts
